 Dungeon Crawl Stone Soup version 0.27.1 (webtiles) character file.

Game seed: 12221715096943160785

550 acemry the Cleaver (level 7, 0/61 HPs)
             Began as a Minotaur Fighter on Sept 4, 2021.
             Succumbed to a scorpion's poison
             ... on level 4 of the Dungeon.
             The game lasted 00:05:27 (3447 turns).

acemry the Cleaver (Minotaur Fighter)               Turns: 3447, Time: 00:05:28

Health: 0/61       AC:  7    Str: 22    XL:     7   Next: 7%
Magic:  6/6        EV:  9    Int:  5    God:
Gold:   112        SH:  0    Dex: 10    Spells: 6/6 levels left

rFire    . . .     SeeInvis .   a - +0 war axe
rCold    . . .     Faith    .   (no shield)
rNeg     . . .     Spirit   .   b - +1 scale mail
rPois    .         Reflect  .   (helmet restricted)
rElec    .         Harm     .   (no cloak)
rCorr    .         Rampage  .   (no gloves)
Will     .....                  (no boots)
Stlth    ..........             (no amulet)
HPRegen  0.20/turn              (no ring)
MPRegen  0.10/turn              (no ring)

@: confused, lethally poisoned (0 -> -3)
A: horns 2, retaliatory headbutt
a: no special abilities


You were on level 4 of the Dungeon.
You visited 1 branch of the dungeon, and saw 4 of its levels.

You collected 124 gold pieces.
You spent 12 gold pieces at shops.

Inventory:

Hand Weapons
 a - a +0 war axe (weapon)
 f - a +0 vorpal hand axe
Missiles
 i - 2 throwing nets (quivered)
Armour
 b - a +1 scale mail (worn)
 c - a +0 kite shield
Jewellery
 h - a ring of fire
 l - a ring of wizardry
Wands
 p - a wand of flame (8)
Scrolls
 j - a scroll of immolation
Potions
 d - 2 potions of might
 e - 2 potions of curing
 g - a potion of invisibility {unknown}
 k - a potion of magic {unknown}
 m - a potion of haste {unknown}
 n - a potion of attraction {unknown}
 o - a potion of flight {unknown}


   Skills:
 + Level 5.3 Fighting
 * Level 8.4 Axes
 - Level 3.6 Armour
 - Level 3.6 Shields


You had 6 spell levels left.
You didn't know any spells.
Your spell library contained the following spells:

 Spells                   Type           Power      Damage    Failure   Level
 Inner Flame              Hex/Fire       0%         N/A       99%         3
 Cause Fear               Hex            0%         N/A       100%        4
 Discord                  Hex            0%         N/A       100%        8


Dungeon Overview and Level Annotations

Branches:
Dungeon (4/15)
 Temple: D:4-7

Altars:

Shops:
D:1 !


Innate Abilities, Weirdness & Mutations

You have a pair of horns on your head.
You reflexively headbutt those who attack you in melee.


Message History

The orc wizard casts a spell at you. You resist with some effort.
The scorpion stings you but does no damage.
You closely miss the scorpion. You headbutt the scorpion.
You kill the scorpion!
You hit the orc.
You feel very sick. The orc closely misses you.
You have reached level 7!
An orc and an orc priest come into view.
Found a stone staircase leading up.
You feel sick.
The orc priest shouts!
The orc shouts!
The goblin closely misses you. You furiously retaliate!
You headbutt the goblin. The orc completely misses you.
An orc comes into view. It is wielding a +0 hand axe.
The orc priest begins to cast a cantrip, but forgets the words!
The orc wizard hits you with a +1 dagger of speed.
You feel sick. The orc wizard casts a spell at you.
You are confused.
The orc hits you but does no damage.
There is a stone staircase leading up here.
You feel sick. The goblin hits you with a +0 dagger.
The orc closely misses you.
In your confused state, you trip and fall back down the stairs.
You feel sick.
The orc wizard gestures at you while chanting.
The puff of flame hits you!
* * * LOW HITPOINT WARNING * * *
The goblin hits you but does no damage. The orc closely misses you.
You feel sick. The orc wizard closely misses you.
The goblin hits you but does no damage. The orc barely misses you.
The orc priest mumbles some strange prayers to Beogh against you.
Beogh smites you!
* * * LOW HITPOINT WARNING * * *
The orc wizard hits you with a +1 dagger of speed.
* * * LOW HITPOINT WARNING * * *
In your confused state, you trip and fall back down the stairs.
* * * LOW HITPOINT WARNING * * *
You die...

### ..# .#
###.#
....###.#.#
......†.o@#
###.#...go#
#......oo..o.o
#.#........o..
# ##...######.
..... ##..##
#..# #<#


You could see an orc priest, an orc wizard, 2 orcs and a goblin.

Vanquished Creatures
  Sigmund (D:3)
  A necrophage (D:3)
  A scorpion (D:4)
  Crazy Yiuf (D:3)
  Natasha (thrice) (D:3)
  Robin (D:3)
  4 adders
  2 worms (D:2)
  A dart slug (D:3)
  8 orcs (D:3)
  4 endoplasms
  3 giant cockroaches
  16 goblins
  8 hobgoblins
  7 jackals
  2 quokkas
  5 ball pythons
  9 bats
  4 frilled lizards
  8 kobolds
  5 rats
94 creatures vanquished.

Vanquished Creatures (others)
  8 plants (D:2)
8 creatures vanquished.

Grand Total: 102 creatures vanquished

Notes
Turn   | Place    | Note
-------+----------+-------------------------------------------
     0 | D:1      | acemry the Minotaur Fighter began the quest for the Orb.
     0 | D:1      | Reached XP level 1. HP: 19/19 MP: 0/0
   243 | D:1      | Reached XP level 2. HP: 27/27 MP: 1/1
   257 | D:1      | Reached skill level 3 in Axes
   299 | D:1      | Found Tiabro's Distillery.
   305 | D:1      | Bought a potion of degeneration for 12 gold pieces
   336 | D:1      | You fall into a shaft and drop 1 floor!
   346 | D:2      | Found a faded altar of an unknown god.
   614 | D:1      | Reached XP level 3. HP: 30/34 MP: 2/2
  1027 | D:2      | Reached skill level 4 in Axes
  1205 | D:2      | Reached XP level 4. HP: 41/41 MP: 3/3
  1828 | D:3      | Noticed Natasha
  1838 | D:3      | Killed Natasha
  1839 | D:3      | Reached skill level 5 in Axes
  2120 | D:3      | Noticed Robin
  2126 | D:3      | Noticed a necrophage
  2133 | D:3      | Killed Robin
  2134 | D:3      | Reached XP level 5. HP: 23/47 MP: 4/4
  2143 | D:3      | Killed a necrophage
  2144 | D:3      | Reached skill level 6 in Axes
  2151 | D:3      | Reached skill level 5 in Fighting
  2435 | D:3      | Noticed Natasha
  2442 | D:3      | Killed Natasha
  2443 | D:3      | Reached XP level 6. HP: 34/56 MP: 5/5
  2655 | D:3      | Noticed Sigmund
  2671 | D:3      | Killed Sigmund
  2672 | D:3      | Reached skill level 7 in Axes
  3078 | D:3      | Found a runed translucent door.
  3079 | D:3      | Noticed Crazy Yiuf
  3093 | D:3      | Noticed Natasha
  3099 | D:3      | Killed Natasha
  3100 | D:3      | Reached skill level 8 in Axes
  3206 | D:3      | Killed Crazy Yiuf
  3442 | D:4      | Reached XP level 7. HP: 34/61 MP: 6/6
  3446 | D:4      | HP: 3/61 [orc priest/divine providence (11)]
  3447 | D:4      | HP: 1/61 [fell downstairs (1)]
  3447 | D:4      | Succumbed to a scorpion's poison

Illustrated notes

Levels and vault maps discovered:
D:1:      nicolae_arrival_memento_mori, layout_basic, serial_shops, shop
D:2:      layout_loops_ring, serial_forest, infiniplex_forest_corner_1,
          infiniplex_forest_join, infiniplex_forest_lined_room_2,
          infiniplex_forest_lined_3, infiniplex_forest_lined_room_2,
          infiniplex_forest_clump_curved, infiniplex_forest_lined_4_way,
          infiniplex_forest_straight_4, basic_ecumenical_altar,
          minmay_tromino_mix6
D:3:      layout_loops_ring, uniq_crazy_yiuf_cottage, uniq_robin, uniq_natasha,
          uniq_sigmund
D:4:      layout_loops_ring, uniq_grinder

Skill      XL: |  1  2  3  4  5  6 |
---------------+-------------------+-----
Fighting       | 4 5 |  5.3
Axes           | 3 4 5 6 8 |  8.4
Armour         | |  3.6
Shields        | |  3.6

Action                   |  1- 3 |  4- 6 |  7- 9 || total
-------------------------+-------+-------+-------++-------
Melee: War axe           |    82 |   112 |       ||   194
       Headbutt          |    14 |    19 |       ||    33
  Use: Scroll            |       |     4 |       ||     4
Armor: Scale mail        |    49 |    50 |     3 ||   102
Dodge: Dodged            |    49 |    51 |     6 ||   106
